 Dungeon Crawl Stone Soup version 0.24.0-13-gcf9b319 (webtiles) character file.

Game seed: 3558383490403619927, levelgen mode: deterministic

81 Fortress the Skirmisher (level 4, -3/41 HPs)
             Began as a Minotaur Abyssal Knight on Jan 11, 2020.
             Was a Follower of Lugonu.
             Slain by a gnoll
             ... wielding a +0 whip
              (6 damage)
             ... on level 2 of the Dungeon.
             The game lasted 00:04:35 (1713 turns).

Fortress the Skirmisher (Minotaur Abyssal Knight)   Turns: 1713, Time: 00:04:35

Health: -3/41      AC:  3    Str: 17    XL:     4   Next: 20%
Magic:  4/4        EV: 11    Int:  9    God:    Lugonu [*.....]
Gold:   65         SH:  0    Dex: 10    Spells: 3/3 levels left

rFire    . . .     SeeInvis .   a - +1 falchion
rCold    . . .     Gourm    .   (no shield)
rNeg     . . .     Faith    .   b - +0 leather armour
rPois    .         Spirit   .   (helmet restricted)
rElec    .         Reflect  .   e - scarf {repulsion}
rCorr    .         Harm     .   (no gloves)
MR       .....                  (no boots)
Stlth    +.........             (no amulet)
HPRegen  0.13/turn              (no ring)
MPRegen  0.09/turn              (no ring)

@: repel missiles
A: retaliatory headbutt, horns 2
a: Depart the Abyss, Renounce Religion


You were on level 2 of the Dungeon.
You worshipped Lugonu.
Lugonu was aware of your devotion.
You were very hungry.

You visited 1 branch of the dungeon, and saw 2 of its levels.
You visited the Abyss 1 time.

You collected 65 gold pieces.

Inventory:

Hand Weapons
 a - a +1 falchion (weapon)
Armour
 b - a +0 leather armour (worn)
 e - a scarf of repulsion (worn)
Scrolls
 f - a scroll of remove curse {unknown}
 h - a scroll of enchant armour {unknown}
 i - a scroll of amnesia {unknown}
Comestibles
 c - 5 rations


   Skills:
 + Level 4.4 Fighting
 + Level 3.9 Long Blades
 + Level 3.2 Armour
 + Level 1.4 Dodging
 + Level 2.1 Invocations


You had 3 spell levels left.
You didn't know any spells.
Your spell library was empty.

Dungeon Overview and Level Annotations

Branches:
Dungeon (2/15)

Altars:


Innate Abilities, Weirdness & Mutations

You reflexively headbutt those who attack you in melee.
You have a pair of horns on your head.


Message History

The gnoll hits you but does no damage.
You hit the gnoll.
The gnoll is lightly wounded.
The gnoll hits you with a +0 whip! The gnoll hits you but does no damage.
You hit the gnoll.
The gnoll is moderately wounded.
The gnoll completely misses you. You furiously retaliate!
You headbutt the gnoll, but do no damage.
You riposte.
You closely miss the gnoll. The gnoll hits you but does no damage.
You slash the gnoll!
The gnoll is almost dead.
The gnoll hits you but does no damage. The gnoll hits you with a +0 whip!
You hit the gnoll.
You kill the gnoll!
Lugonu accepts your kill. The gnoll hits you with a +0 whip!
* * * LOW HITPOINT WARNING * * *
The gnoll closely misses you.
You closely miss the gnoll. The gnoll hits you with a +0 whip.
You die...

####(# .....######
#.........# # # #..#.##.#
.# ...#.....#.###.# #
........÷).....###### ###.
.......<.#.#.####... ....
#######.##g##.###.####..##
#....)@÷..........#...#
#...#.###.#.#....†....!.
#...##. #).##.#..##...##
#.. # #.##.....##...# #..
#..##..#<...g.... #.
##>##..#)###.####
#..(..... ....
..##.#######.. >. .


You could see a gnoll.

Vanquished Creatures
  3 gnolls
  An adder (D:2)
  An ooze (D:1)
  A worm (D:2)
  2 dart slugs (D:1)
  2 leopard geckos (D:1)
  2 goblins
  2 hobgoblins (D:1)
  4 jackals (D:1)
  4 bats (D:1)
  3 frilled lizards
  5 kobolds (D:1)
  6 rats
36 creatures vanquished.

Vanquished Creatures (others)
  6 toadstools (D:2)
6 creatures vanquished.

Grand Total: 42 creatures vanquished

Notes
Turn   | Place    | Note
-------+----------+-------------------------------------------
     0 | Abyss:1  | Fortress the Minotaur Abyssal Knight began the quest for
                  | the Orb.
     0 | Abyss:1  | Reached XP level 1. HP: 19/19 MP: 1/1
    39 | Abyss:1  | Noticed a hellwing
    40 | D:1      | Escaped the Abyss
   365 | D:1      | Reached XP level 2. HP: 24/27 MP: 2/2
   377 | D:1      | Reached * piety under Lugonu
   784 | D:1      | Reached skill level 4 in Fighting
   784 | D:1      | Reached XP level 3. HP: 17/33 MP: 3/3
  1420 | D:1      | Reached XP level 4. HP: 3/41 MP: 4/4
  1713 | D:2      | Slain by a gnoll

Levels and vault maps discovered:
D:1:      psy_arrival_statuary, layout_loops_corners
D:2:      layout_loops_cross, minmay_gold_behind_fungi

Skill      XL: |  1  2 |
---------------+-------+-----
Long Blades    | 3 |  3.9
Invocations    | 2 |  2.1
Armour         | 3 |  3.2
Fighting       | 4 |  4.4
Dodging        | |  1.4

Action                   |  1- 3 |  4- 6 || total
-------------------------+-------+-------++-------
Melee: Falchion          |    74 |     6 ||    80
       Headbutt          |    12 |       ||    12
Invok: Depart the Abyss  |     1 |       ||     1
  Use: Potion            |     2 |       ||     2
  Eat: Chunk             |     1 |       ||     1
Armor: Leather armour    |    23 |     2 ||    25
Dodge: Dodged            |    54 |     4 ||    58
       Deflected         |     1 |       ||     1
       Rpst.: Falchion   |    13 |     1 ||    14
